 Dungeon Crawl Stone Soup version 0.26-a0-850-g97a50ab700 (webtiles) character file.

Game seed: 2532669423172596225

616020 mhtbhm the Hoplite (level 27, -1/188 HPs)
             Began as a Gargoyle Fighter on Nov 20, 2020.
             Was the Champion of Okawaru.
             Killed from afar by a deep elf mage (39 damage)
             ... with a stone arrow
             ... on level 12 of a ziggurat.
             The game lasted 02:41:37 (71999 turns).

mhtbhm the Hoplite (Gargoyle Fighter)              Turns: 71999, Time: 02:41:39

Health: -1/188     AC: 58    Str: 51    XL:     27
Magic:  31/31      EV: 13    Int:  9    God:    Okawaru [******]
Gold:   4238       SH: 38    Dex:  5    Spells: 26/26 levels left

rFire    + + +     SeeInvis .   U - +5 morningstar of Dividends {vorpal, rF+ rC+ Str+7 Dex-4}
rCold    + + +     Faith    +   c - +8 tower shield of the Thirteen Moons {Rampage}
rNeg     + + .     Spirit   .   b - +9 plate armour {rC+}
rPois    ∞         Reflect  .   s - -2 hat of the Alchemist {rElec rPois rF+ rC+ rN+ MR+ rMut rCorr}
rElec    +         Harm     .   P - scarf {rC+ rF+}
rCorr    +         Rampage  +   q - +2 pair of gloves {Str+3}
rMut     +                      F - +2 pair of boots {run}
MR       +++..                  K - amulet of faith
Stlth    ..........             W - ring of Robustness {AC+8}
HPRegen  0.41/turn              k - ring "Onwifeh" {Wiz *Corrode Str+10}
MPRegen  0.22/turn

@: flying, studying 3 skills, quick
A: big wings, deformed body, dopey 1, negative energy resistance 1, electricity
resistance, unbreathing, petrification resistance, rot immunity, subdued magic
1, AC +20
}: 4/15 runes: serpentine, barnacled, slimy, silver
a: Stop Flying, Heroism, Finesse, Renounce Religion


You were on level 12 of a ziggurat.
You worshipped Okawaru.
Okawaru was exalted by your worship.
You visited 11 branches of the dungeon, and saw 51 of its levels.
You visited Pandemonium 1 time, and saw 5 of its levels.
You visited the Abyss 1 time.
You visited 1 bazaar.
You visited 1 ziggurat, and saw 12 of its levels.
You also visited: Bailey and Ice Cave.

You collected 8156 gold pieces.
You spent 3918 gold pieces at shops.

Inventory:

Hand Weapons
 w - a +0 dire flail of holy wrath
 y - a +5 demon whip of flaming
 B - the +8 mithril axe "Arga" {speed, MR+}
   (You found it on level 6 of a ziggurat)

   Attacks with this weapon are significantly faster.
   It affects your resistance to hostile enchantments.
 I - a +9 morningstar of electrocution
 U - the +5 morningstar of Dividends (weapon) {vorpal, rF+ rC+ Str+7 Dex-4}
   (You found it on level 8 of a ziggurat)

   It inflicts extra damage upon your enemies.
   It affects your strength (+7).
   It affects your dexterity (-4).
   It protects you from fire.
   It protects you from cold.
Armour
 b - a +9 plate armour of cold resistance (worn)
 c - the +8 tower shield of the Thirteen Moons (worn) {Rampage}
   (Okawaru gifted it to you on level 4 of the Lair of Beasts)

   It bestows one free step when moving towards enemies.
 q - a +2 pair of gloves of strength (worn)
 s - the -2 hat of the Alchemist (worn) {rElec rPois rF+ rC+ rN+ MR+ rMut rCorr}
   (Okawaru gifted it to you on level 2 of the Shoals)

   It protects you from fire.
   It protects you from cold.
   It insulates you from electricity.
   It protects you from poison.
   It protects you from negative energy.
   It affects your resistance to hostile enchantments.
   It provides partial protection from all sources of acid and corrosion.
   It protects you from mutation.
 x - a +2 cloak of magic resistance
 F - a +2 pair of boots of running (worn)
 G - the +0 pair of boots "Sopiumoe" {Regen+}
   (Okawaru gifted it to you on level 2 of the Snake Pit)

   It increases your rate of regeneration.
 P - a scarf of resistance (worn)
Jewellery
 a - an uncursed amulet of guardian spirit {unknown}
 g - an uncursed amulet of regeneration
 i - the amulet "Ryoty" {Acrobat *Drain rN+ Str+4 SInv, unknown}
   (You found it on level 11 of a ziggurat)

   [amulet of the acrobat]

   It helps you evade while moving and waiting.
   It affects your strength (+4).
   It protects you from negative energy.
   It lets you see invisible.
   It causes draining when unequipped.
 k - the ring "Onwifeh" (right hand) {Wiz *Corrode Str+10}
   (You acquired it on level 5 of the Vaults)

   [ring of wizardry]

   It improves your spell success rate.
   It affects your strength (+10).
   It may corrode you when you take damage.
 z - a +4 ring of slaying {unknown}
 D - the ring of Sedgh {rN+ MR+ SInv Stlth+}
   (You took it off an orc wizard on level 1 of the Orcish Mines)

   [ring of positive energy]

   It protects you from negative energy.
   It affects your resistance to hostile enchantments.
   It lets you see invisible.
   It makes you more stealthy.
 K - an amulet of faith (around neck)
 S - an uncursed amulet of the acrobat
 W - the ring of Robustness (left hand) {AC+8}
   (You took it off an ironbrand convoker on level 5 of the Vaults)

   [ring of protection]

   It affects your AC (+8).
Wands
 m - a wand of disintegration (20)
 v - a wand of iceblast (30)
 E - a wand of digging (17)
 X - a wand of acid (2)
Scrolls
 j - 33 scrolls of remove curse
 l - 11 scrolls of teleportation
 n - 4 scrolls of silence
 t - 11 scrolls of fog
 A - 12 scrolls of enchant weapon
 C - 10 scrolls of enchant armour
 H - 4 scrolls of immolation
 J - 6 scrolls of magic mapping
 O - a scroll of blinking
 T - 14 scrolls of identify
Potions
 d - 4 potions of might
 f - a potion of berserk rage
 h - 7 potions of haste
 o - 4 potions of cancellation
 p - 15 potions of curing
 r - 8 potions of resistance
 u - 14 potions of mutation
 M - 2 potions of experience
 V - a potion of heal wounds
Books
 e - a manual of Axes
 N - a manual of Slings
 Q - a manual of Maces & Flails
Miscellaneous
 L - a condenser vane (inert)
 R - a lightning rod (4/4)
 Y - a tin of tremorstones (inert)


   Skills:
 * Level 23.3 Fighting
 + Level 11.5(17.4) Axes
 + Level 22.3(23.1) Maces & Flails
 * Level 21.8 Armour
 * Level 13.3 Dodging
 - Level 3.8 Stealth
 - Level 25.0 Shields
 + Level 11.4 Invocations
 - Level 4.4 Evocations


You had 26 spell levels left.
You didn't know any spells.
Your spell library contained the following spells:

 Spells                   Type           Power        Failure   Level
 Animate Skeleton         Necr           #.....       30%         1
 Apportation              Tloc           #.....       30%         1
 Beastly Appendage        Tmut           #.....       30%         1
 Corona                   Hex            #......      30%         1
 Freeze                   Ice            #...         30%         1
 Magic Dart               Conj           #...         30%         1
 Pain                     Necr           #...         30%         1
 Sandblast                Erth           #.....       30%         1
 Shock                    Conj/Air       #...         30%         1
 Sting                    Tmut/Pois      #...         30%         1
 Summon Small Mammal      Summ           #...         30%         1
 Blink                    Tloc           N/A          43%         2
 Call Imp                 Summ           #.......     43%         2
 Corpse Rot               Necr/Air       N/A          43%         2
 Ensorcelled Hibernation  Hex/Ice        #.....       43%         2
 Passwall                 Tmut/Erth      #.......     43%         2
 Poisonous Vapours        Pois/Air       #.....       43%         2
 Searing Ray              Conj           #.....       43%         2
 Swiftness                Air            #.......     43%         2
 Wereblood                Tmut           #.......     43%         2
 Call Canine Familiar     Summ           #.......     65%         3
 Confusing Touch          Hex            #.......     65%         3
 Conjure Flame            Conj/Fire      #.......     65%         3
 Dazzling Flash           Conj/Hex       #.....       65%         3
 Frozen Ramparts          Ice            #.....       65%         3
 Gell's Gravitas          Tloc           #.........   65%         3
 Ignite Poison            Fire/Tmut/Pois #.......     65%         3
 Lesser Beckoning         Tloc           #.........   65%         3
 Mephitic Cloud           Conj/Pois/Air  #.......     65%         3
 Ozocubu's Armour         Ice            #.......     65%         3
 Portal Projectile        Hex/Tloc       #.....       65%         3
 Spider Form              Tmut/Pois      #.........   65%         3
 Static Discharge         Conj/Air       #.......     65%         3
 Stone Arrow              Conj/Erth      #.....       65%         3
 Summon Guardian Golem    Hex/Summ       #.......     65%         3
 Teleport Other           Tloc           #.......     65%         3
 Tukima's Dance           Hex            #.......     65%         3
 Vampiric Draining        Necr           #.........   65%         3
 Airstrike                Air            #.........   96%         4
 Animate Dead             Necr           #.........   96%         4
 Fulminant Prism          Conj/Hex       #.........   96%         4
 Hailstorm                Conj/Ice       #.......     96%         4
 Ice Form                 Ice/Tmut       #.......     96%         4
 Iskenderun's Mystic Bla  Conj/Tloc      #.......     96%         4
 Leda's Liquefaction      Hex/Erth       #.........   96%         4
 Olgreb's Toxic Radiance  Pois           #.......     96%         4
 Passage of Golubria      Tloc           N/A          96%         4
 Petrify                  Tmut/Erth      #.......     96%         4
 Summon Ice Beast         Ice/Summ       #.......     96%         4
 Summon Lightning Spire   Summ/Air       #.......     96%         4
 Agony                    Necr           #.......     100%        5
 Alistair's Intoxication  Tmut/Pois      #........    100%        5
 Blade Hands              Tmut           #.........   100%        5
 Bolt of Magma            Conj/Fire/Erth #.........   100%        5
 Borgnjor's Vile Clutch   Necr/Erth      #.........   100%        5
 Irradiate                Conj/Tmut      #.........   100%        5
 Iskenderun's Battlesphe  Conj           #.......     100%        5
 Lee's Rapid Deconstruct  Erth           #.........   100%        5
 Lightning Bolt           Conj/Air       #.........   100%        5
 Metabolic Englaciation   Hex/Ice        #.........   100%        5
 Silence                  Hex/Air        #.........   100%        5
 Summon Demon             Summ           #.........   100%        5
 Summon Forest            Summ/Tloc      #.........   100%        5
 Summon Mana Viper        Hex/Summ       #.......     100%        5
 Yara's Violent Unravell  Hex/Tmut       #.........   100%        5
 Conjure Ball Lightning   Conj/Air       #.........   100%        6
 Death Channel            Necr           #.........   100%        6
 Dispersal                Tloc           #.........   100%        6
 Eringya's Noxious Bog    Tmut/Pois      #.........   100%        6
 Freezing Cloud           Conj/Ice/Air   #.........   100%        6
 Hydra Form               Tmut           #.........   100%        6
 Invisibility             Hex            #.......     100%        6
 Iron Shot                Conj/Erth      #.........   100%        6
 Shadow Creatures         Summ           N/A          100%        6
 Simulacrum               Ice/Necr       #.........   100%        6
 Starburst                Conj/Fire      #.........   100%        6
 Dragon Form              Tmut           #.........   100%        7
 Orb of Destruction       Conj           #.........   100%        7
 Spellforged Servitor     Conj/Summ      #.........   100%        7
 Summon Hydra             Summ           #.........   100%        7
 Disjunction              Tloc           #.........   100%        8
 Ignition                 Fire           #.........   100%        8
 Shatter                  Erth           #.........   100%        9
 Tornado                  Air            #.........   100%        9
 Sublimation of Blood     Necr           Unusable     N/A         2
 Statue Form              Tmut/Erth      Unusable     N/A         6

Dungeon Overview and Level Annotations

Branches:
Dungeon (15/15)            Temple (1/1) D:7            Lair (6/6) D:10
 Shoals (4/4) Lair:2        Snake (4/4) Lair:4        Slime (5/5) Lair:5
    Orc (2/2) D:12            Elf (3/3) Orc:2        Vaults (5/5) D:14
  Crypt (1/3) Vaults:3     Depths (5/5) D:15         Bailey (visited)
  IceCv (visited)
    Zot: Depths:5

Altars:
Ashenzari
Cheibriados
Dithmenos
Elyvilon
Fedhas
Gozag
Hepliaklqana
Kikubaaqudgha
Makhleb
Nemelex Xobeh
Okawaru
Qazlal
Ru
Sif Muna
Trog
Uskayaw
Vehumet
Wu Jian
Xom
Yredelemnul
Zin
The Shining One
Beogh
Jiyva

Shops:
D:5 !   D:13 (   D:14 [=   Orc:2 ?[*}   Elf:3 ==[   Shoals:1 *   Snake:4 !:=[
Vaults:1 =   Vaults:5 !!?!!!   Depths:1 ??}[*   Depths:4 *:

Portals:
Hell: Depths:1 Depths:2 Depths:3 Depths:4
Abyss: Depths:4
Pandemonium: Orc:2 Depths:3

Annotations:
Snake:3 Mara


Innate Abilities, Weirdness & Mutations

You are resistant to torment.
Your stone body is resilient. (AC +20)
You are immune to poison.
Your large and strong wings let you fly indefinitely.
You resist negative energy. (rN+)
You are resistant to electric shocks. (rElec)
You can survive without breathing.
You are immune to petrification.
You are immune to rotting.
Armour fits poorly on your strangely shaped body.
You are dopey. (Int -2)
Your spells are a little easier to cast, but a little less powerful.


Message History

Found a stone staircase leading down.
You see here 26 stones.
The deep elf demonologist mumbles some strange words.
The deep elf mage gestures at you while chanting.
You block the stone arrow.
There is a stone staircase leading down here.
You see here a tin of tremorstones (inert).
Y - a tin of tremorstones (inert)
Something hits you but does no damage.
Press: ? - help, v - describe, . - travel, g - get item Item here: a scorched turquoise ring.
The floor.
You block something's attack. You block the rust devil's attack.
Something hits you but does no damage.
The deep elf high priest calls down the wrath of its god upon you.
Something smites you!
* * * LOW HITPOINT WARNING * * *
The deep elf mage points at you and mumbles some strange words.
The stone arrow hits you!!!
You die...

..........▓▓
▓▓...............▓
▓.................
▓▓...###e...(E##...
▓....#e#*..)e#.#...
▓....###e☼..x##)2..
▓))=...(E.☼.)14e.).
▓▓44(}.3e...(.)1....
▓.[@)e.x......)3e..∩
▓▓?{(:..........4e..
▓.==...§§..........
▓....###§....###.§.
▓....#z#...........
▓▓...###.....###...
▓.................
▓▓...............▓
▓▓.............▓▓


You could see a deep elf demonologist (empowered), a curse skull, 2 deep elf
high priests, 2 rust devils, 2 deep elf magi, a fire elemental, a neqoxec
(summoned), a small abomination, a +0 vorpal battleaxe and a battlesphere.

Vanquished Creatures
  the Royal Jelly (Slime:5)
  The ghost of Banquo the Ogre Mage, a veteran OgVM of Vehumet (Zig:11)
  2 juggernauts
  Bai Suzhen (Vaults:2)
  Boris (Depths:3)
  Saint Roka (Vaults:2)
  A caustic shrike (Depths:4)
  Vashnia (Snake:3)
  3 curse toes
  2 golden dragons
  Nikola (Depths:3)
  A bone dragon (Zig:10)
  A hellephant (Abyss:4)
  A Brimstone Fiend (Pan)
  A doom hound (Zig:10)
  2 liches
  5 tentacled monstrosities
  2 Hell Sentinels
  2 titans
  A deep elf blademaster (Elf:3)
  A deep elf master archer (Elf:3)
  An acid blob (shapeshifter) (Depths:2)
  Gastronok (Orc:1)
  3 quicksilver dragons
  10 acid blobs
  A tentacled starspawn (Zig:7)
  2 krakens
  3 sphinxes
  2 draconian monks (Zig:6)
  Kirke (Elf:1)
  10 shadow dragons
  An Executioner (Pan)
  Donald (Orc:2)
  4 azure jellies (Slime:5)
  Roxanne (Snake:1)
  4 revenants
  An iron dragon (Zig:8)
  8 tengu reavers
  10 nagarajas
  The ghost of Sun the Black Belt, a journeyman DgGl (Orc:2)
  9 fire giants
  11 vault wardens
  A balrug (Pan)
  An orc warlord (Orc:2)
  A frost giant (shapeshifter) (Depths:2)
  5 deep elf sorcerers (Elf:3)
  A draconian knight (Zig:6)
  A draconian scorcher (Zig:5)
  2 ghost moths (shapeshifter) (Depths:2)
  A draconian stormcaller (Zig:6)
  Aizul (Snake:3)
  6 frost giants
  A warmonger (Pan)
  A cacodemon (Pan)
  4 curse skulls
  5 reapers (Zig:10)
  15 ironheart preservers
  An angel (Orc:2)
  A draconian annihilator (Zig:5)
  3 spriggan defenders
  A war gargoyle (Depths:2)
  18 stone giants
  2 deep elf elementalists
  15 very ugly things
  A blood saint (Pan)
  The ghost of SolusNox the Severer, a journeyman MiBe of Trog (Lair:4)
  A corrupter (Pan)
  2 vampire knights (Depths:3)
  The ghost of IdlyInterested the Unforgettable, a journeyman DsFi of Hepliaklqana (Orc:1)
  Nessos (Lair:4)
  2 lorocyprocas (Pan)
  An entropy weaver (shapeshifter) (Zig:12)
  A minotaur (Shoals:3)
  A white draconian (Zig:5)
  A black draconian (Zig:6)
  5 deep elf demonologists
  3 red draconians
  4 spark wasps (Depths:3)
  6 dire elephants (Lair:6)
  2 black suns (Pan)
  9 deep elf annihilators
  2 ettins (shapeshifter) (Depths:2)
  18 crystal guardians (Depths:2)
  6 merfolk impalers
  6 merfolk javelineers
  3 blizzard demons
  4 eidola
  14 yaktaur captains
  3 fire dragons
  4 death oozes (Slime:5)
  8 deep elf death magi
  3 green deaths (Pan)
  40 vault guards
  9 ettins
  7 deep elf high priests
  A quicksilver dragon skeleton (Zig:10)
  12 great orbs of eyes
  15 naga warriors
  8 ice dragons
  A monstrous demonspawn (Pan)
  4 rakshasas
  8 hydras
  3 boulder beetles
  An ice dragon (shapeshifter) (Depths:2)
  8 spriggan air magi
  2 merfolk avatars
  23 anacondas
  5 ghost crabs
  59 two-headed ogres
  4 death knights
  12 centaur warriors
  A boulder beetle (shapeshifter) (Depths:2)
  27 dancing weapons
  3 satyrs
  3 merfolk aquamancers
  7 deep troll shamans
  A queen ant (shapeshifter) (Depths:2)
  3 death yaks (D:10)
  14 ogre magi
  3 tengu warriors
  4 deep troll earth magi
  A vampire mage (Depths:3)
  A titan zombie (Zig:4)
  A hell hog (Zig:7)
  6 orc high priests
  8 shock serpents
  2 wretched stars (Abyss:4)
  28 naga sharpshooters
  14 deep elf knights
  3 sun demons
  3 soul eaters (Pan)
  Nergalle (D:12)
  3 spriggan berserkers
  7 salamander mystics (Snake:4)
  4 iron trolls
  2 sixfirhies
  12 hell knights
  3 shadow wraiths
  11 sea snakes
  An infernal demonspawn (Orc:2)
  13 skeletal warriors
  16 deep trolls
  3 flayed ghosts
  4 unseen horrors
  9 glowing orange brains
  2 torturous demonspawn (Pan)
  A gelid demonspawn (Orc:2)
  3 shadow demons
  6 starcursed masses
  4 obsidian statues (Depths:2)
  A swamp dragon (shapeshifter) (Depths:1)
  A deep troll (shapeshifter) (Depths:2)
  8 naga ritualists
  Pikel (D:5)
  4 lindwurms (Snake:4)
  5 wizards
  12 phantasmal warriors
  13 deep elf archers
  12 ironbrand convokers
  3 necromancers
  2 orb spiders (shapeshifter)
  19 orc knights
  26 harpies
  17 mana vipers
  6 wolf spiders
  3 frost giant zombies
  18 orc sorcerers
  46 ugly things
  12 salamanders
  63 deep elf magi
  2 shining eyes (shapeshifter)
  3 cyclopes (shapeshifter)
  3 fire giant zombies
  8 cyclopes
  5 oklob plants
  15 manticores
  2 salamanders (shapeshifter)
  A moth of wrath (shapeshifter) (Vaults:4)
  An iron dragon skeleton (Zig:10)
  6 shining eyes
  10 elephants
  7 fauns
  24 naga magi
  A spriggan zombie (Zig:10)
  6 merfolk sirens
  A worldbinder (Abyss:2)
  4 water nymphs
  46 black mambas
  2 rust devils
  3 eyes of devastation
  A frost giant skeleton (Abyss:2)
  3 smoke demons
  23 vault sentinels
  13 guardian serpents
  A storm dragon simulacrum (Vaults:2)
  A dire elephant zombie (Abyss:4)
  14 cane toads
  An apocalypse crab (Zig:7)
  6 ice statues
  3 hellions
  5 spectral swamp worms (Depths:1)
  3 molten gargoyles (Depths:2)
  6 gargoyles (Depths:2)
  4 orange demons (Pan)
  18 komodo dragons
  40 yaktaurs
  5 efreet
  A yaktaur (shapeshifter) (Vaults:2)
  A silent spectre (Zig:7)
  14 freezing wraiths
  A tormentor (Zig:10)
  4 rime drakes
  A rime drake (shapeshifter) (Depths:4)
  3 ice devils
  2 ancient zymes (Abyss:4)
  A golden dragon simulacrum (IceCv)
  3 hellwings
  A red devil (Pan)
  A queen bee (Lair:1)
  4 meliai (Shoals:3)
  20 merfolk
  10 trolls
  A wind drake (shapeshifter) (Vaults:4)
  A hornet (shapeshifter) (Depths:3)
  14 hornets
  3 tengu conjurers
  11 wind drakes
  3 polar bears
  24 blink frogs
  A meliai zombie (D:15)
  8 snapping turtles
  67 slime creatures
  8 dream sheep
  A snapping turtle (shapeshifter) (Depths:2)
  A dream sheep (shapeshifter) (Vaults:5)
  A guardian serpent skeleton (Crypt:1)
  2 raiju (Zig:7)
  An elf skeleton (Zig:10)
  8 air elementals
  A flying skull (Zig:4)
  8 wraiths
  2 spriggans
  A redback (shapeshifter) (Vaults:4)
  A centaur simulacrum (D:14)
  32 yaks
  7 ynoxinuls
  A tarantella (shapeshifter) (Vaults:4)
  2 dire elephant simulacra (IceCv)
  4 shadows
  21 water elementals
  6 wyverns
  Eustachio (D:5)
  6 golden eyes
  A golden eye (shapeshifter) (Vaults:3)
  3 hogs (Elf:1)
  A human (shapeshifter) (Vaults:4)
  6 basilisks
  3 neqoxecs
  8 fire elementals
  Menkaure (D:5)
  10 insubstantial wisps
  12 wargs
  2 acid dragons
  An iron troll simulacrum (IceCv)
  46 nagas
  A naga (shapeshifter) (Depths:3)
  2 hydra simulacra (IceCv)
  3 harpy simulacra (IceCv)
  A soldier ant (D:15)
  A soldier ant (shapeshifter) (Vaults:1)
  Duvessa (D:5)
  22 water moccasins
  2 floating eyes (shapeshifter) (Depths:2)
  A floating eye (Depths:3)
  63 orc warriors
  A black bear (D:11)
  12 ice beasts
  5 sky beasts
  A hornet zombie (D:15)
  3 eyes of draining
  A phantom (D:11)
  A black bear (shapeshifter) (Vaults:5)
  Purgy (D:4)
  6 large abominations
  2 necrophages
  35 ogres
  4 small abominations
  6 wolves (Lair:3)
  24 centaurs
  Blork the orc (D:4)
  25 bullfrogs
  14 earth elementals
  A gnoll sergeant (D:8)
  A wyvern zombie (D:6)
  Dowan (D:5)
  4 scorpions
  27 killer bees
  18 wights
  A howler monkey (D:8)
  4 centaur zombies
  A quasit (D:8)
  3 bullfrog zombies
  3 hounds
  37 orc priests
  26 orc wizards
  2 jellies
  5 bullfrog skeletons
  6 centaur skeletons
  4 iguanas
  Ijyb (D:5)
  16 hell rats
  12 worker ants
  A killer bee zombie (D:7)
  A hound zombie (D:6)
  2 hound skeletons
  4 worker ant zombies
  Robin (D:4)
  8 gnolls
  12 adders
  A howler monkey skeleton (D:11)
  2 river rats
  2 shadow imps
  5 white imps
  3 oozes
  4 ufetubi
  An adder zombie (D:5)
  An adder skeleton (D:7)
  6 worms
  3 leopard geckos
  116 orcs
  2 ball pythons
  2 bats
  4 giant cockroaches
  17 goblins
  12 hobgoblins
  11 jackals
  15 kobolds
  5 quokkas
  4 frilled lizards
  3 jackal zombies
  A quokka zombie (D:9)
  10 rats
  7 crawling corpses
  2 plants
  A starspawn tentacle (Zig:7)
2436 creatures vanquished.

Vanquished Creatures (collateral kills)
  A quokka (D:10)
1 creature vanquished.

Vanquished Creatures (others)
  2 deep elf sorcerers (Elf:3)
  A deep elf death mage (Elf:3)
  A merfolk impaler (Shoals:4)
  A dancing weapon (Elf:3)
  2 deep elf knights (Elf:3)
  2 soul eaters
  A skeletal warrior (Zig:10)
  2 deep trolls (Vaults:5)
  A raiju (Abyss:2)
  A ynoxinul (Pan)
  A wraith (Zig:8)
  2 humans (Elf:1)
  A golden eye (Slime:2)
  An acid dragon (Vaults:1)
  An orc warrior (Elf:3)
  An ogre (Vaults:1)
  An iguana (shapeshifter) (Vaults:5)
  A river rat (D:10)
  11 ball lightnings (Depths:2)
  3 crawling corpses
  53 fungi
  A lurking horror (Abyss:2)
  104 plants
  2 starspawn tentacles (Zig:7)
  8 tentacles
  2 withered plants (D:6)
207 creatures vanquished.

Grand Total: 2644 creatures vanquished

Notes
Turn   | Place    | Note
-------+----------+-------------------------------------------
     0 | D:1      | mhtbhm the Gargoyle Fighter began the quest for the Orb.
     0 | D:1      | Reached XP level 1. HP: 14/14 MP: 1/1
    97 | D:1      | You fall into a shaft and drop 1 floor!
   138 | D:2      | Reached XP level 2. HP: 18/19 MP: 2/2
   296 | D:2      | Reached XP level 3. HP: 22/23 MP: 3/3
   695 | D:3      | Reached XP level 4. HP: 15/28 MP: 4/4
  1001 | D:3      | Reached XP level 5. HP: 25/33 MP: 5/5
  1141 | D:3      | Found a radiant altar of Vehumet.
  1226 | D:3      | Reached skill level 4 in Shields
  1230 | D:3      | Reached skill level 1 in Dodging
  1576 | D:4      | Noticed Blork the orc
  1585 | D:4      | Killed Blork the orc
  1586 | D:4      | Reached XP level 6. HP: 38/38 MP: 6/6
  1606 | D:4      | Noticed Robin
  1651 | D:4      | Killed Robin
  1812 | D:4      | Noticed Purgy
  1825 | D:4      | Killed Purgy
  1826 | D:4      | Reached skill level 5 in Maces & Flails
  2066 | D:4      | Reached XP level 7. HP: 43/43 MP: 7/7
  2131 | D:5      | Entered Level 5 of the Dungeon
  2155 | D:5      | Reached skill level 5 in Shields
  2198 | D:5      | Reached skill level 1 in Stealth
  2260 | D:5      | Noticed Eustachio
  2368 | D:5      | Killed Eustachio
  2369 | D:5      | Reached XP level 8. HP: 37/48 MP: 8/8
  2462 | D:5      | Noticed Duvessa
  2463 | D:5      | Noticed Dowan
  2474 | D:5      | Killed Duvessa
  2488 | D:5      | Killed Dowan
  2489 | D:5      | Reached skill level 6 in Shields
  2531 | D:5      | Noticed Menkaure
  2605 | D:5      | Killed Menkaure
  2684 | D:5      | Reached skill level 7 in Shields
  2858 | D:5      | Found Gadaqof's Distillery.
  2863 | D:5      | Bought a potion of heal wounds for 65 gold pieces
  2863 | D:5      | Bought a potion of might for 52 gold pieces
  2965 | D:5      | Noticed Pikel
  2981 | D:5      | Killed Pikel
  2982 | D:5      | Reached skill level 5 in Armour
  2982 | D:5      | Reached XP level 9. HP: 48/53 MP: 9/9
  3057 | D:5      | Noticed Ijyb
  3073 | D:5      | Killed Ijyb
  3514 | D:6      | Reached skill level 8 in Shields
  3533 | D:6      | Reached skill level 5 in Fighting
  4623 | D:7      | Found a staircase to the Ecumenical Temple.
  4644 | Temple   | Entered the Ecumenical Temple
  4714 | Temple   | Became a worshipper of Warmaster Okawaru
  5577 | D:8      | Noticed a two-headed ogre
  5591 | D:8      | Killed a two-headed ogre
  5591 | D:8      | Reached * piety under Okawaru
  5592 | D:8      | Reached XP level 10. HP: 55/60 MP: 10/10
  5777 | D:8      | Found a snail-covered altar of Cheibriados.
  6831 | D:9      | Reached skill level 9 in Shields
  6848 | D:9      | Reached ** piety under Okawaru
  6949 | D:9      | Found a flagged portal.
  6953 | D:9      | Noticed a purple ugly thing
  7001 | D:9      | Killed a purple ugly thing
  7002 | D:9      | Reached skill level 10 in Maces & Flails
  7002 | D:9      | Reached skill level 1 in Evocations
  7027 | Bailey   | Entered a bailey
  7439 | Bailey   | Reached *** piety under Okawaru
  8384 | D:9      | Reached skill level 10 in Shields
  8384 | D:9      | Reached XP level 11. HP: 66/66 MP: 11/11
  8879 | D:10     | Entered Level 10 of the Dungeon
  9059 | D:10     | Noticed a death yak
  9068 | D:10     | Noticed a death yak
  9112 | D:10     | Reached **** piety under Okawaru
  9851 | D:10     | Found a staircase to the Lair.
  9860 | D:10     | Noticed a death yak
  9892 | D:10     | Killed a death yak
  9900 | D:10     | Killed a death yak
  9906 | D:10     | Killed a death yak
  9906 | D:10     | Reached ***** piety under Okawaru
 10290 | Lair:1   | Entered Level 1 of the Lair of Beasts
 10364 | Lair:1   | Reached skill level 11 in Shields
 10536 | Lair:1   | Received a gift from Okawaru
 10537 | Lair:1   | Reached skill level 5 in Dodging
 10537 | Lair:1   | Reached XP level 12. HP: 73/73 MP: 12/12
 11019 | Lair:1   | Noticed a five-headed hydra
 11029 | Lair:1   | Killed a five-headed hydra
 11121 | Lair:1   | Found an ornate altar of the Wu Jian Council.
 11313 | Lair:1   | Received a gift from Okawaru
 12148 | Lair:2   | Found a staircase to the Shoals.
 12168 | Lair:2   | Reached ****** piety under Okawaru
 12366 | Lair:2   | Reached skill level 12 in Shields
 12627 | Lair:2   | Got a slimy scale mail
 12633 | Lair:2   | Identified the +1 scale mail of the Devil {rF- Dex+9} (You
                  | found it on level 2 of the Lair of Beasts)
 13116 | Lair:3   | Reached XP level 13. HP: 73/80 MP: 13/13
 13208 | Lair:3   | Found a burning altar of Makhleb.
 14509 | Lair:4   | Received a gift from Okawaru
 14521 | Lair:4   | Got a pitted tower shield {god gift}
 14527 | Lair:4   | Identified the +8 tower shield of the Thirteen Moons
                  | {Rampage} (Okawaru gifted it to you on level 4 of the Lair
                  | of Beasts)
 14799 | Lair:4   | Noticed Nessos
 14809 | Lair:4   | Reached skill level 13 in Shields
 14855 | Lair:4   | Killed Nessos
 15090 | Lair:4   | Found a runed translucent door.
 15217 | Lair:4   | Found a shimmering altar of Xom.
 15217 | Lair:4   | Noticed SolusNox's ghost (journeyman MiBe)
 15375 | Lair:4   | Killed SolusNox's ghost
 15658 | Lair:4   | Found a staircase to the Snake Pit.
 15753 | Lair:5   | Found a gate leading to a gauntlet.
 15829 | Lair:5   | Found a shadowy altar of Dithmenos.
 16166 | Lair:5   | Found a staircase to the Slime Pits.
 16179 | Lair:5   | Reached skill level 10 in Armour
 16509 | Lair:5   | Gained mutation: Your large and strong wings let you fly
                  | indefinitely. [Gargoyle growth]
 16509 | Lair:5   | Reached XP level 14. HP: 83/87 MP: 14/14
 17046 | Lair:6   | Entered Level 6 of the Lair of Beasts
 17113 | Lair:6   | Received a gift from Okawaru
 17149 | Lair:6   | Got an ichor-stained scale mail {god gift}
 17155 | Lair:6   | Identified the +6 scale mail of Vexation {rF- rC++}
                  | (Okawaru gifted it to you on level 6 of the Lair of Beasts)
 17707 | Lair:6   | Noticed a dire elephant
 17722 | Lair:6   | Killed a dire elephant
 17928 | Lair:6   | Noticed a dire elephant
 17928 | Lair:6   | Noticed a dire elephant
 17951 | Lair:6   | Killed a dire elephant
 17960 | Lair:6   | Killed a dire elephant
 17961 | Lair:6   | Reached skill level 15 in Armour
 17989 | Lair:6   | Got a twisted ring mail
 17995 | Lair:6   | Identified the cursed +1 ring mail "Iwki Hob" {rN+ Dex+4}
                  | (You found it on level 6 of the Lair of Beasts)
 18186 | Lair:6   | Noticed a dire elephant
 18211 | Lair:6   | Killed a dire elephant
 18439 | Lair:6   | Noticed a dire elephant
 18456 | Lair:6   | Killed a dire elephant
 18699 | Lair:6   | Noticed a dire elephant
 18727 | Lair:6   | Killed a dire elephant
 19370 | Lair:6   | Received a gift from Okawaru
 19376 | Lair:6   | Got a smouldering morningstar {god gift}
 19377 | Lair:6   | Identified the +3 morningstar of a volcano {flame, rPois
                  | rF++ MP-9 Str+3} (Okawaru gifted it to you on level 6 of
                  | the Lair of Beasts)
 19633 | Snake:1  | Entered Level 1 of the Snake Pit
 19763 | Snake:1  | You are sucked into a shaft and drop 1 floor!
 19827 | Snake:2  | Found a frozen archway.
 19954 | Snake:2  | Reached XP level 15. HP: 92/92 MP: 6/15
 20106 | Snake:2  | Received a gift from Okawaru
 20109 | Snake:2  | Got a pair of masterwork boots {god gift}
 20115 | Snake:2  | Identified the +0 pair of boots "Sopiumoe" {Regen+}
                  | (Okawaru gifted it to you on level 2 of the Snake Pit)
 21114 | Snake:3  | Noticed a nagaraja
 21123 | Snake:3  | Killed a nagaraja
 21173 | Snake:3  | Reached skill level 10 in Fighting
 21389 | Snake:3  | Noticed a nagaraja
 21630 | Snake:3  | Reached skill level 14 in Shields
 21666 | Snake:3  | Noticed Vashnia
 21703 | Snake:3  | Received a gift from Okawaru
 21800 | Snake:3  | Received a gift from Okawaru
 21919 | Snake:3  | Killed Vashnia
 22346 | Snake:3  | Killed a nagaraja
 22385 | Snake:3  | Noticed Aizul
 22395 | Snake:3  | Noticed Mara
 22399 | Snake:3  | Noticed mhtbhm's illusion
 22516 | Snake:3  | Noticed a nagaraja
 22738 | Snake:3  | Reached XP level 16. HP: 99/99 MP: 7/16
 22749 | Snake:3  | Noticed mhtbhm's illusion
 23048 | Snake:3  | Killed a nagaraja
 23097 | Snake:3  | Noticed mhtbhm's illusion
 23109 | Snake:3  | Killed Aizul
 23110 | Snake:3  | Reached skill level 15 in Maces & Flails
 23482 | Snake:4  | Entered Level 4 of the Snake Pit
 23528 | Snake:3  | Reached skill level 15 in Shields
 23836 | Snake:3  | Noticed mhtbhm's illusion
 23854 | Snake:3  | Noticed mhtbhm's illusion
 24125 | Snake:4  | Received a gift from Okawaru
 24224 | Snake:4  | Found Sougyxes's Jewellery Shoppe.
 24226 | Snake:4  | Found Doammity's Antique Armour Shoppe.
 24226 | Snake:4  | Found Egrem's Distillery.
 24242 | Snake:4  | Found Cigag's Book Emporium.
 24266 | Snake:4  | Bought 2 potions of heal wounds for 180 gold pieces
 24266 | Snake:4  | Bought 2 potions of heal wounds for 180 gold pieces
 24266 | Snake:4  | Bought a potion of might for 72 gold pieces
 24266 | Snake:4  | Bought a potion of haste for 180 gold pieces
 24266 | Snake:4  | Bought a potion of berserk rage for 90 gold pieces
 24266 | Snake:4  | Bought a potion of berserk rage for 90 gold pieces
 24486 | Snake:4  | Noticed a nagaraja
 24508 | Snake:4  | Killed a nagaraja
 24706 | Snake:4  | Noticed a nagaraja
 24729 | Snake:4  | Killed a nagaraja
 24766 | Snake:4  | Received a gift from Okawaru
 24781 | Snake:4  | Noticed a nagaraja
 24804 | Snake:4  | Noticed a nagaraja
 24958 | Snake:4  | Killed a nagaraja
 25243 | Snake:4  | Reached skill level 16 in Shields
 25255 | Snake:4  | Noticed a nagaraja
 25287 | Snake:4  | Killed a nagaraja
 25317 | Snake:4  | Noticed a nagaraja
 25333 | Snake:4  | Killed a nagaraja
 25334 | Snake:4  | Noticed a nagaraja
 25339 | Snake:4  | Received a gift from Okawaru
 25340 | Snake:4  | Reached XP level 17. HP: 73/106 MP: 8/17
 25892 | Snake:4  | Received a gift from Okawaru
 26095 | Snake:4  | Reached skill level 17 in Shields
 26419 | Snake:4  | Got a serpentine rune of Zot
 26761 | Snake:3  | Noticed mhtbhm's illusion
 27673 | Snake:1  | Received a gift from Okawaru
 28123 | Snake:1  | Noticed Roxanne
 28153 | Snake:1  | Killed Roxanne
 29248 | D:11     | Found a white marble altar of Elyvilon.
 29405 | D:11     | Reached skill level 18 in Shields
 29405 | D:11     | Reached XP level 18. HP: 102/115 MP: 9/18
 29531 | D:11     | Identified a scroll of acquirement
 29531 | D:11     | Acquired a manual of Maces & Flails
 29929 | D:12     | Found a staircase to the Orcish Mines.
 29952 | Orc:1    | Entered Level 1 of the Orcish Mines
 29993 | Orc:1    | Found a transporter.
 29995 | Orc:1    | Found a transporter.
 30097 | Orc:1    | Noticed Gastronok
 30104 | Orc:1    | Killed Gastronok
 30178 | Orc:1    | Found a runed translucent gate.
 30178 | Orc:1    | Found a runed translucent gate.
 30179 | Orc:1    | Found a runed translucent gate.
 30179 | Orc:1    | Noticed IdlyInterested's ghost (journeyman DsFi)
 30284 | Orc:1    | Killed IdlyInterested's ghost
 30325 | Orc:2    | Entered Level 2 of the Orcish Mines
 30333 | Orc:2    | Found a staircase to the Elven Halls.
 30520 | Orc:2    | Found Tesidghajo's Magic Scroll Shop.
 30583 | Orc:2    | Found Meyg's General Store.
 30737 | Orc:2    | Bought a scroll of enchant weapon for 120 gold pieces
 30737 | Orc:2    | Bought a scroll of identify for 32 gold pieces
 30741 | Orc:2    | Bought a scroll of blinking for 105 gold pieces
 30741 | Orc:2    | Bought a scroll of holy word for 105 gold pieces
 30741 | Orc:2    | Bought a scroll of brand weapon for 280 gold pieces
 30741 | Orc:2    | Bought a scroll of blinking for 105 gold pieces
 30741 | Orc:2    | Bought a scroll of enchant armour for 105 gold pieces
 30741 | Orc:2    | Bought a scroll of enchant weapon for 105 gold pieces
 30741 | Orc:2    | Bought a scroll of magic mapping for 49 gold pieces
 30741 | Orc:2    | Bought a scroll of identify for 28 gold pieces
 30741 | Orc:2    | Bought a scroll of enchant weapon for 105 gold pieces
 30741 | Orc:2    | Bought a scroll of enchant weapon for 105 gold pieces
 30757 | Orc:2    | Bought a scroll of identify for 28 gold pieces
 30757 | Orc:2    | Bought a scroll of identify for 28 gold pieces
 31052 | Orc:2    | Received a gift from Okawaru
 31102 | Orc:2    | Found Xungoafe's Gadget Emporium.
 31102 | Orc:2    | Found Hynur's Antique Armour Shoppe.
 31102 | Orc:2    | Found a one-way gate leading to the halls of Pandemonium.
 31138 | Orc:2    | Noticed Donald
 31154 | Orc:2    | Killed Donald
 31252 | Orc:2    | Found a runed translucent door.
 31253 | Orc:2    | Noticed Sun's ghost (journeyman DgGl)
 31955 | Orc:1    | Identified the ring of Sedgh {rN+ MR+ SInv Stlth+}
 32122 | Orc:1    | Identified the ring of the Scorching Enemy {Wiz rElec rF-
                  | Int+2}
 32133 | Orc:1    | Found a roughly hewn altar of Beogh.
 32216 | Orc:1    | Received a gift from Okawaru
 32261 | Orc:1    | HP: 5/115 [sixfirhy[an orc high priest] (3)]
 32316 | Orc:1    | Got a distressingly furry chain mail {god gift}
 32322 | Orc:1    | Identified the +1 chain mail of the Armadillo {rN++ Str+5
                  | Dex-3} (Okawaru gifted it to you on level 1 of the Orcish
                  | Mines)
 32357 | Orc:1    | Got a crude cloak
 32368 | Orc:1    | Identified the +2 cloak "Joatic" {rCorr Str+2 Int+8 Dex-3}
                  | (You found it on level 1 of the Orcish Mines)
 32633 | Orc:2    | Killed Sun's ghost
 32645 | Orc:2    | Got a bloodstained chain mail
 32651 | Orc:2    | Identified the +1 chain mail of the Dwarven Hall {*Corrode
                  | +Blink rN+ MR++} (You found it on level 2 of the Orcish
                  | Mines)
 33176 | D:12     | Noticed Nergalle
 33185 | D:12     | Killed Nergalle
 33486 | D:13     | Found Jioh's Weapon Emporium.
 34296 | D:14     | Found a gate to the Vaults.
 34422 | D:14     | Received a gift from Okawaru
 34431 | D:14     | Got a smelly chain mail {god gift}
 34437 | D:14     | Identified the +5 chain mail "Echeefru" {rElec rCorr Str-4
                  | Int+6} (Okawaru gifted it to you on level 14 of the
                  | Dungeon)
 34598 | D:14     | Found a large runed translucent door.
 34599 | D:14     | Found a large runed translucent door.
 34614 | D:14     | Reached XP level 19. HP: 120/120 MP: 10/19
 34667 | D:14     | Found Nisofokhau's Jewellery Shoppe.
 34756 | D:14     | Found Jehop's Armour Shop.
 34808 | D:14     | Found a flickering gateway to a bazaar.
 34830 | Bazaar   | Entered a bazaar
 34830 | Bazaar   | Found Inoupt's Gadget Emporium.
 34846 | Bazaar   | Found Nemam's General Store.
 34854 | Bazaar   | Found Odeanlor's Assorted Antiques.
 34860 | Bazaar   | Found Ufeheum's Book Shop.
 34866 | Bazaar   | Found Geitod's General Store.
 34891 | Bazaar   | Bought 3 scrolls of teleportation for 180 gold pieces
 34891 | Bazaar   | Bought a scroll of fog for 40 gold pieces
 34891 | Bazaar   | Bought a potion of heal wounds for 100 gold pieces
 34904 | Bazaar   | Bought a scroll of magic mapping for 35 gold pieces
 34904 | Bazaar   | Bought a scroll of identify for 20 gold pieces
 34904 | Bazaar   | Bought a scroll of enchant weapon for 75 gold pieces
 35185 | Vaults:1 | Entered Level 1 of the Vaults
 35248 | Vaults:1 | Reached skill level 1 in Invocations
 35436 | Vaults:1 | You are sucked into a shaft and drop 1 floor!
 35968 | Vaults:2 | Received a gift from Okawaru
 36013 | Vaults:2 | Identified the +6 arbalest of the Endless Expanse {elec,
                  | Str+8 Dex-4 SInv}
 36031 | Vaults:2 | Paralysed by a great orb of eyes for 7 turns
 36657 | Vaults:2 | Noticed Saint Roka
 36684 | Vaults:2 | Killed Saint Roka
 36943 | Vaults:2 | Noticed Bai Suzhen
 36964 | Vaults:2 | Killed Bai Suzhen
 37272 | Vaults:3 | Cast into level 2 of the Abyss (a deep elf demonologist)
 37422 | Abyss:2  | Reached skill level 19 in Shields
 37530 | Abyss:4  | Noticed a tentacled monstrosity
 37545 | Abyss:4  | Killed a tentacled monstrosity
 37575 | Abyss:4  | Received a gift from Okawaru
 37670 | Abyss:4  | Reached XP level 20. HP: 121/128 MP: 14/23
 37684 | Abyss:4  | Noticed a hellephant
 37708 | Abyss:4  | Killed a hellephant
 37768 | Vaults:3 | Escaped the Abyss
 37804 | Vaults:3 | Reached skill level 15 in Fighting
 38126 | Vaults:3 | Reached skill level 5 in Invocations
 38427 | Vaults:3 | Received a gift from Okawaru
 38824 | Vaults:3 | Found a staircase to the Crypt.
 39197 | Vaults:3 | Received a gift from Okawaru
 39814 | Crypt:1  | Entered Level 1 of the Crypt
 40217 | Vaults:4 | Reached skill level 20 in Shields
 40228 | Vaults:4 | Found a white marble altar of Elyvilon.
 40310 | Vaults:4 | Received a gift from Okawaru
 40436 | Vaults:4 | Reached XP level 21. HP: 136/136 MP: 15/26
 41172 | Vaults:5 | Entered Level 5 of the Vaults
 41199 | Vaults:5 | Received a gift from Okawaru
 41418 | Vaults:5 | Paralysed by a sphinx for 3 turns
 41454 | Vaults:5 | HP: 3/137 [deep elf high priest/damnation (25)]
 41500 | Vaults:5 | Noticed a golden dragon
 42346 | Vaults:5 | Reached skill level 21 in Shields
 42463 | Vaults:5 | Identified the +7 quarterstaff "Dragon's Tongue" {spect,
                  | *Rage +Rage rElec rF+}
 42464 | Vaults:5 | Identified the +7 quarterstaff "Dragon's Tongue" {spect,
                  | *Rage +Rage rElec rF+}
 42504 | Vaults:5 | Killed a golden dragon
 42504 | Vaults:5 | Received a gift from Okawaru
 42547 | Vaults:5 | Reached XP level 22. HP: 92/144 MP: 19/28
 42609 | Vaults:5 | Found Nuet's Distillery.
 42847 | Vaults:5 | Received a gift from Okawaru
 42849 | Vaults:5 | Found Buos's Distillery.
 43188 | Vaults:5 | Identified the +8 rapier "Xerafipt" {freeze, Str+3}
 43363 | Vaults:5 | Acquired the ring "Onwifeh" {Wiz *Corrode Str+10}
 43711 | Vaults:5 | Found Karizun's Distillery.
 43711 | Vaults:5 | Found Onumiah's Magic Scroll Boutique.
 43735 | Vaults:5 | Bought a potion of haste for 160 gold pieces
 43742 | Vaults:5 | Bought a scroll of blinking for 150 gold pieces
 43754 | Vaults:5 | Found Venoitua's Distillery.
 43762 | Vaults:5 | Bought a potion of heal wounds for 105 gold pieces
 43762 | Vaults:5 | Bought a potion of heal wounds for 105 gold pieces
 43852 | Vaults:5 | Found Tikhlu's Distillery.
 43856 | Vaults:5 | Bought a potion of heal wounds for 95 gold pieces
 43856 | Vaults:5 | Bought a potion of heal wounds for 95 gold pieces
 43867 | Vaults:5 | Got a silver rune of Zot
 44015 | Vaults:5 | Identified the +5 dagger of Day {elec, Str+7 Dex+7 Stlth-}
 44015 | Vaults:5 | Identified the +6 shortbow "Ujogh" {flame, +Blink Str+3
                  | SInv Stlth+}
 44016 | Vaults:5 | Found the +4 dagger "Morg" {pain, MR+ Int+5}
 44118 | Vaults:5 | Found the +0 staff of Battle
 44227 | Vaults:5 | Identified the Guide on Supportive Clay
 44313 | Vaults:5 | Found the +8 glaive of the Guard {elec, +Rage AC+5 SInv}
 45055 | Vaults:1 | Received a gift from Okawaru
 45175 | Vaults:2 | Reached skill level 22 in Shields
 45346 | Vaults:1 | Found Pirhu's Jewellery Shoppe.
 45898 | Vaults:1 | Received a gift from Okawaru
 45961 | Vaults:1 | Reached XP level 23. HP: 127/152 MP: 21/30
 46682 | D:15     | Entered Level 15 of the Dungeon
 47002 | D:15     | Reached skill level 10 in Invocations
 47035 | D:15     | Found a shadowy altar of Dithmenos.
 47104 | D:15     | Found a staircase to the Depths.
 47214 | D:15     | Reached skill level 10 in Dodging
 47668 | Depths:1 | Entered Level 1 of the Depths
 47695 | Depths:1 | Found Ofotoil's Gadget Shop.
 47695 | Depths:1 | Found Gipoymug's Magic Scroll Boutique.
 47783 | Depths:1 | Bought a scroll of teleportation for 57 gold pieces
 47783 | Depths:1 | Bought a scroll of enchant armour for 142 gold pieces
 47903 | Depths:1 | Found Riurot's Magic Scroll Shop.
 47906 | Depths:1 | Bought a scroll of blinking for 135 gold pieces
 47948 | Depths:1 | Found a gateway to Hell.
 48028 | Depths:1 | Found Areas's General Store.
 48036 | Depths:1 | Bought a scroll of blinking for 97 gold pieces
 48146 | Depths:1 | Found Ytin's Armour Shop.
 48240 | Depths:1 | Received a gift from Okawaru
 48254 | Depths:1 | Identified a +0 pair of boots of running (Okawaru gifted it
                  | to you on level 1 of the Depths)
 50561 | Elf:1    | Entered Level 1 of the Elven Halls
 50635 | Elf:1    | Noticed Kirke
 50654 | Elf:1    | Killed Kirke
 50654 | Elf:1    | Received a gift from Okawaru
 51285 | Elf:1    | You are sucked into a shaft and drop 1 floor!
 51285 | Elf:2    | Found a runed translucent gate.
 51285 | Elf:2    | Found a runed translucent gate.
 51285 | Elf:2    | Found a runed translucent gate.
 51314 | Elf:2    | Reached XP level 24. HP: 151/160 MP: 22/31
 51507 | Elf:2    | You are sucked into a shaft and drop 1 floor!
 51507 | Elf:3    | Entered Level 3 of the Elven Halls
 51507 | Elf:3    | Found Qahaisch's Armour Emporium.
 51670 | Elf:3    | Reached skill level 23 in Shields
 51679 | Elf:3    | Found Tote's Jewellery Boutique.
 51679 | Elf:3    | Found a frozen archway.
 51689 | IceCv    | Entered an ice cave
 52781 | Elf:3    | Found Ysatua's Jewellery Emporium.
 53085 | Elf:3    | Identified the +6 halberd of Forgiveness {venom, +Fly}
 53135 | Elf:3    | Received a gift from Okawaru
 53247 | Elf:3    | Identified the +10 mace "Wokicr Moino" {flame, Int+3 SInv
                  | Stlth+}
 53247 | Elf:3    | Identified the ring "Kaesoc" {rPois rF+ rC- Int+6}
 53300 | Elf:3    | Gained mutation: You tend to lose your temper in combat. [a
                  | cacodemon]
 53316 | Elf:3    | HP: 11/241 [deep elf master archer/arrow (28)]
 54171 | Elf:1    | Identified Ocruwk's Rites and Rhymes, Part Six
 54511 | Elf:1    | Received a gift from Okawaru
 54514 | Elf:1    | Got a bloodstained helmet {god gift}
 54525 | Elf:1    | Identified the +0 helmet of the Hare {Dex+3} (Okawaru
                  | gifted it to you on level 1 of the Elven Halls)
 54818 | Pan      | Entered Pandemonium
 55797 | Pan      | Noticed Kyuskutzu the pandemonium lord
 55919 | Pan      | Gained mutation: You are weak. (Str -2) [a neqoxec]
 55928 | Pan      | Gained mutation: You are dopey. (Int -2) [a neqoxec]
 56579 | Pan      | Gained mutation: Your magical capacity is low. (-10% MP) [a
                  | neqoxec]
 56581 | Pan      | Gained mutation: You are clumsy. (Dex -2) [a neqoxec]
 56597 | Pan      | Gained mutation: You often lose your temper in combat. [a
                  | neqoxec]
 56627 | Orc:2    | Escaped Pandemonium
 56994 | Lair:1   | You are sucked into a shaft and drop 1 floor!
 57058 | Shoals:1 | Entered Level 1 of the Shoals
 57722 | Shoals:1 | Found Juasel's Assorted Antiques.
 58047 | Shoals:2 | Received a gift from Okawaru
 58048 | Shoals:2 | Found the -2 hat of the Alchemist {rElec rPois rF+ rC+ rN+
                  | MR+ rMut rCorr}
 58185 | Shoals:2 | Lost mutation: You often lose your temper in combat.
                  | [potion of mutation]
 58185 | Shoals:2 | Lost mutation: Your magical capacity is low. (-10% MP)
                  | [potion of mutation]
 58185 | Shoals:2 | Lost mutation: You are clumsy. (Dex -2) [potion of
                  | mutation]
 58185 | Shoals:2 | Gained mutation: You have large cloven feet. [potion of
                  | mutation]
 58186 | Shoals:2 | Lost mutation: You are dopey. (Int -2) [potion of mutation]
 58186 | Shoals:2 | Lost mutation: You are weak. (Str -2) [potion of mutation]
 58186 | Shoals:2 | Lost mutation: You have large cloven feet. [potion of
                  | mutation]
 58186 | Shoals:2 | Lost mutation: You tend to lose your temper in combat.
                  | [potion of mutation]
 58758 | Shoals:3 | Reached XP level 25. HP: 138/168 MP: 22/31
 59183 | Shoals:3 | Reached skill level 24 in Shields
 59357 | Shoals:3 | Found a hide-covered altar of Uskayaw.
 59854 | Shoals:4 | Entered Level 4 of the Shoals
 60485 | Shoals:4 | Got a barnacled rune of Zot
 61972 | Slime:1  | Entered Level 1 of the Pits of Slime
 62374 | Slime:4  | Received a gift from Okawaru
 62458 | Slime:5  | Entered Level 5 of the Pits of Slime
 62461 | Slime:5  | Gained mutation: Armour fits poorly on your strangely
                  | shaped body. [a shining eye]
 62479 | Slime:5  | Received a gift from Okawaru
 62480 | Slime:5  | Gained mutation: You are dopey. (Int -2) [a shining eye]
 62639 | Slime:5  | Noticed the Royal Jelly
 62640 | Slime:5  | Found a viscous altar of Jiyva.
 62655 | Slime:5  | Killed the Royal Jelly
 63262 | Slime:5  | Got a slimy rune of Zot
 63318 | Slime:5  | Identified a +0 pair of boots of running (You found it on
                  | level 5 of the Pits of Slime)
 63339 | Slime:5  | Identified the +2 pair of boots of the Pit {Str+3} (You
                  | found it on level 5 of the Pits of Slime)
 63349 | Slime:5  | Got a bound lapis lazuli ring
 63350 | Slime:5  | Identified the ring of Ybue {Fire +Blink Dex-2 Stlth+} (You
                  | found it on level 5 of the Pits of Slime)
 63392 | Slime:5  | Got a jasper-encrusted scale mail
 63403 | Slime:5  | Identified the +3 scale mail of Midwinter {Str+6} (You
                  | found it on level 5 of the Pits of Slime)
 64848 | Depths:2 | Received a gift from Okawaru
 64999 | Depths:2 | Reached XP level 26. HP: 112/176 MP: 22/31
 65210 | Depths:2 | Got a wavering tin ring
 65222 | Depths:2 | Identified the ring "Liuf" {+Blink rElec MR+ rCorr Dex-5}
                  | (You found it on level 2 of the Depths)
 65348 | Depths:2 | Identified Dispater's Grimoire of the First Tusks
 65625 | Depths:2 | Received a gift from Okawaru
 65913 | Depths:3 | Noticed Boris
 65923 | Depths:3 | Killed Boris
 66169 | Depths:3 | Paralysed by a floating eye for 3 turns
 66314 | Depths:3 | Reached skill level 25 in Shields
 66492 | Depths:3 | Noticed Nikola
 66508 | Depths:3 | Killed Nikola
 66631 | Depths:3 | Found a runed translucent door.
 66631 | Depths:3 | Noticed a juggernaut
 66653 | Depths:3 | Received a gift from Okawaru
 66668 | Depths:3 | Killed a juggernaut
 67245 | Depths:4 | Found a one-way gate to the infinite horrors of the Abyss.
 67343 | Depths:4 | Found a gateway to a ziggurat.
 67372 | Depths:4 | Found Revefaun's General Store.
 67380 | Depths:4 | Bought a scroll of magic mapping for 59 gold pieces
 67380 | Depths:4 | Bought a scroll of magic mapping for 59 gold pieces
 67454 | Depths:4 | Noticed a juggernaut
 67459 | Depths:5 | Entered Level 5 of the Depths
 67620 | Depths:5 | Killed a juggernaut
 68097 | Depths:4 | Received a gift from Okawaru
 69009 | Depths:4 | Reached XP level 27. HP: 186/186 MP: 22/31
 69605 | Depths:4 | Found Kunysev's One-of-a-Kind Books.
 69764 | Zig:1    | Entered Level 1 of a ziggurat
 69778 | Zig:2    | Entered Level 2 of a ziggurat
 69909 | Zig:3    | Entered Level 3 of a ziggurat
 69911 | Zig:3    | Gained mutation: Your spells are a little easier to cast,
                  | but a little less powerful. [a shining eye]
 70058 | Zig:4    | Entered Level 4 of a ziggurat
 70092 | Zig:5    | Entered Level 5 of a ziggurat
 70115 | Zig:5    | Received a gift from Okawaru
 70288 | Zig:5    | Got a steaming tower shield {god gift}
 70294 | Zig:5    | Identified the +0 tower shield of Feasting {Int+3} (Okawaru
                  | gifted it to you on level 5 of a ziggurat)
 70309 | Zig:6    | Entered Level 6 of a ziggurat
 70312 | Zig:6    | Found the +8 mithril axe "Arga" {speed, MR+}
 70313 | Zig:6    | Found the +8 arc blade {discharge, rElec}
 70327 | Zig:6    | Identified the Papyrus of Freezing Attacks
 70691 | Zig:7    | Entered Level 7 of a ziggurat
 70704 | Zig:7    | Reached skill level 1 in Axes
 70793 | Zig:8    | Entered Level 8 of a ziggurat
 70840 | Zig:8    | Identified the Reference Book on Damage Dealing and Snow
 70856 | Zig:8    | Got a pitted morningstar
 70857 | Zig:8    | Identified the +5 morningstar of Dividends {vorpal, rF+ rC+
                  | Str+7 Dex-4} (You found it on level 8 of a ziggurat)
 70906 | Zig:9    | Entered Level 9 of a ziggurat
 70945 | Zig:9    | Identified the Incunabulum of the Damaging Arsonist
 71119 | Zig:10   | Entered Level 10 of a ziggurat
 71178 | Zig:10   | Reached skill level 10 in Axes
 71598 | Zig:10   | Identified Sif Muna's Catalogue of Earthen Dark Arts
 71604 | Zig:10   | Identified the Disquisition on Stolen Souls
 71737 | Zig:11   | Entered Level 11 of a ziggurat
 71738 | Zig:11   | Acquired 417 gold pieces
 71748 | Zig:11   | Noticed Banquo's ghost (veteran OgVM)
 71773 | Zig:11   | Received a gift from Okawaru
 71797 | Zig:11   | Killed Banquo's ghost
 71802 | Zig:11   | Got a vibrating garnet amulet
 71841 | Zig:11   | Got a dazzling kite shield {god gift}
 71847 | Zig:11   | Identified the +5 kite shield of the Forest {Regen+ Int-5
                  | Dex+5 Slay-6} (Okawaru gifted it to you on level 11 of a
                  | ziggurat)
 71964 | Zig:12   | Entered Level 12 of a ziggurat
 71996 | Zig:12   | Found the cursed necklace of Bloodlust {*Rage +Rage MR++
                  | Int-3 Slay+6 *Curse}
 71999 | Zig:12   | Killed from afar by a deep elf mage

Illustrated notes

Levels and vault maps discovered:
D:1:      giann_forest_graveyard, layout_basic
D:2:      layout_basic, minmay_circle_x
D:3:      layout_loops_corners, marbit_many_paths
D:4:      layout_basic, uniq_robin, uniq_blork_the_orc, uniq_purgy
D:5:      layout_loops_ring, serial_shops, kennysheep_little_box,
          uniq_eustachio, uniq_menkaure, uniq_pikel, uniq_duvessa, uniq_ijyb
D:6:      layout_loops_ring, serial_undead, serial_undead_c, serial_undead_e,
          serial_undead_f, serial_undead_e, serial_undead_d, serial_undead_c,
          serial_undead_a, serial_undead_d, serial_undead_c, serial_undead_b,
          minmay_misc_feat_doors
D:7:      layout_basic, minmay_temple_entry_waves
D:8:      layout_loops_corners, basic_altar
D:9:      layout_stronghold, enter_bailey_5
D:10:     layout_irregular_city, dpeg_lair_monsters,
          minmay_fractal_squares_diagonal_5
D:11:     layout_gridville, lemuel_statue_altar
D:12:     layout_irregular_city, david_orc_4, chequers_serial_rivers_room_b,
          uniq_nergalle
D:13:     layout_basic, serial_shops, nicolae_shop_behind_doors, hive_lemuel
D:14:     layout_rooms, erik_vaults_2, serial_shops, bzr_entry_customers,
          shop_fountains, shop, corexii_corridor_pit, interstate_on_off,
          lightli_elemental_guards
D:15:     grunt_enter_depths_snipers, layout_loops_ring,
          ebering_dispersal_statue_hall, grunt_dithmenos_smoke_and_mirrors
Temple:   regret_index_temple_sigil_plot
Lair:1:   layout_cave_pods, basic_altar, special_room [special_room_bee],
          kennysheep_abandoned_house
Lair:2:   layout_regular_city, minmay_shoals_entry_beasts, beast_lair_carwin_11
Lair:3:   layout_chaotic_city, basic_altar, chequers_serial_rivers_micro_e,
          grunt_megastairs_5
Lair:4:   layout_layer_cave, minmay_snake_entry_guardpost_medium,
          ebering_ghost_xom, grunt_megastairs_3, infiniplex_staircase_pool_2,
          uniq_nessos
Lair:5:   layout_misc_corridors, minmay_slime_entry_oklob_enclosed, basic_altar,
          gauntlet_entry_generic, chequers_serial_rivers_large_a,
          serial_bayou_pond_a, bobbens_ice_dragon_lair
Lair:6:   due_jungle_book, layout_cave_pods, minmay_lair_oklob_chamber,
          grunt_megastairs_1
Shoals:1: layout_shoals, serial_shops, shop
Shoals:2: layout_shoals
Shoals:3: layout_shoals, regret_index_shoals_crete
Shoals:4: shoals_end_hangedman, layout_shoals
Snake:1:  layout_layer_cave, grunt_megastairs_2, uniq_roxanne
Snake:2:  layout_layer_cave, portal_ice_cave_entry_pillars_four
Snake:3:  nicolae_aizul_guard, layout_grid_maze, uniq_mara, uniq_vashnia,
          uniq_aizul
Snake:4:  snake_pit_salamanders_mu, layout_onion_interference, minmay_shoptagon,
          lemuel_fruit_tree
Slime:1:  layout_caves
Slime:2:  layout_caves
Slime:3:  layout_caves
Slime:4:  layout_caves, cheibrodos_slime_lost_civilization_4
Slime:5
Orc:1:    gammafunk_beogh_shrine, layout_caves, ebering_ghost_rock_garden,
          uniq_gastronok
Orc:2:    pf_orc_diabolical, layout_caves, gammafunk_ghost_grave, uniq_donald
Elf:1:    eino_elf_arrival_shootout, layout_onion_city,
          kennysheep_underground_church, uniq_kirke
Elf:2:    layout_geoelf_octagon, serial_shops, shop_fountains,
          serial_co_window_serial, co_window_paths_b, co_window_paths_a,
          co_window_corner_a, co_window_corner_a, co_window_paths_a,
          co_window_cross_2, co_window_corner_b, co_window_corner_b,
          glass_columns_a, glass_columns_b, glass_columns_b, glass_columns_b,
          glass_columns_b
Elf:3:    minmay_elf_hall_curves, layout_rooms, serial_shops, shop,
          nicolae_shop_crystal, shop, shop, portal_ice_cave_entry_ice_statue_two
Vaults:1: ontoclasm_vaults_tryst, vaults_dpeg_spiral, st_octagons_2, v_misc_26,
          v_misc_24, v_pattern_2, v_misc_3, hangedman_vaults_slice, v_rooms_6,
          vaults_room_fours, vaults_room_ringed_pool, ontoclasm_vaults_hangar,
          layout_vaults_omnicross, serial_shops, shop_coins
Vaults:2: v_pattern_3, nicolae_vaults_angled_halls,
          nicolae_vaults_yaktaur_gun_rack, nicolae_vaults_ninety_degrees,
          v_misc_27, v_misc_15, vaults_room_door_hall,
          nicolae_vaults_network_barrier, v_misc_14,
          nicolae_vaults_little_squares_6, vaults_mumra_lcd, v_misc_16,
          layout_vaults_maze_bifur, uniq_saint_roka, uniq_bai_suzhen
Vaults:3: vaults_dpeg_cross, nicolae_vaults_network_square, vaults_room_octagon,
          blue_anna_dwarven_crypt, vaults_room_hallway, hangedman_vaults_stream,
          layout_vaults_omnigrid
Vaults:4: nicolae_vaults_little_squares_6, nicolae_vaults_network_quinsquares
          [nicolae_vaults_network_quincunx_subvault,
          nicolae_vaults_network_quincunx_subvault,
          nicolae_vaults_network_quincunx_subvault,
          nicolae_vaults_network_quincunx_subvault], nicolae_vaults_murderbox,
          v_pattern_5, vaults_room_hallway, v_misc_27,
          nicolae_vaults_mini_display_case, vaults_dpeg_encased_lava,
          layout_vaults_big_room, basic_altar
Vaults:5
Crypt:1:  layout_regular_city
Depths:1: layout_gridlike, hangedman_decor_peaks_small, serial_shops, shop,
          shop, shop, shop, pf_hell_entry_tar_river, kennysheep_windowed_goal
Depths:2: radiant_caverns_b_rkd, hell_entry
Depths:3: minmay_gate_of_8, layout_cave_pools, hell_entry,
          roderic_roman_lattice, rand_demon_pan_entry_1, serial_bayou_shore_b,
          uniq_nikola, uniq_boris
Depths:4: minmay_the_grid_square_5x5_4x4 [minmay_the_grid_square_5x5_two,
          minmay_the_grid_square_5x5_two_small,
          minmay_the_grid_square_5x5_minimal, minmay_the_grid_square_5x5_seven,
          minmay_the_grid_square_5x5_one_wall,
          minmay_the_grid_square_5x5_prize_monsterx,
          minmay_the_grid_square_5x5_prize_gold,
          minmay_the_grid_square_5x5_inner_i,
          minmay_the_grid_square_5x5_three_small,
          minmay_the_grid_square_5x5_prize_open,
          minmay_the_grid_square_5x5_prize_snowflake,
          minmay_the_grid_square_5x5_minibox, minmay_the_grid_square_5x5_tie,
          minmay_the_grid_square_5x5_trominoes,
          minmay_the_grid_square_5x5_broken_cross,
          minmay_the_grid_square_5x5_eight], layout_gridlike, enter_ziggurat_f,
          abyss_entry_crystal, hangedman_decor_slide_cut, grunt_metal_band,
          serial_shops, shop, nicolae_rare_books, eino_tiny_chamber
Depths:5: evilmike_zot_entry_basic, layout_basic, serial_shops,
          nicolae_shop_crystal, shop, hangedman_abyss_or_decor_jellyfish_corner,
          hell_entry, grunt_tough_drop, minmay_shop_star
Zig:12:   ziggurat_pillar_centre_c, ziggurat_pillar_centre_c,
          ziggurat_pillar_centre_c, ziggurat_pillar_centre_c

Skill      XL: |  1  2  3  4  5  6  7  8  9 10 11 12 13 14 15 16 17 18 19 20 21 22 23 24 25 26 27 |
---------------+----------------------------------------------------------------------------------+-----
Maces & Flails | 3 4 5 6 7 9 10 11 12 13 14 16 21 22 | 22.3
Shields        | 4 5 7 8 10 11 12 13 14 16 18 19 20 21 22 23 24 25 | 25.0
Dodging        | 1 2 3 4 5 6 7 8 9 10 11 12 13 | 13.3
Armour         | 4 5 6 7 10 16 17 18 19 20 21 | 21.8
Fighting       | 4 5 6 7 9 10 12 13 14 15 17 18 19 20 22 23 | 23.3
Stealth        | 1 2 3 |  3.8
Evocations     | 3 4 |  4.4
Invocations    | 4 6 8 9 10 11 | 11.4
Axes           | 11 | 11.5

Action                   |  1- 3 |  4- 6 |  7- 9 | 10-12 | 13-15 | 16-18 | 19-21 | 22-24 | 25-27 || total
-------------------------+-------+-------+-------+-------+-------+-------+-------+-------+-------++-------
Melee: Flail             |    61 |       |       |       |       |       |       |       |       ||    61
       Whip              |    16 |   130 |   431 |   585 |       |       |       |       |       ||  1162
       Eveningstar       |       |       |       |   317 |   779 |       |       |       |       ||  1096
       Morningstar       |       |       |       |       |   488 |  2427 |  1830 |  2762 |  1830 ||  9337
       Broad axe         |       |       |       |       |       |       |       |       |   120 ||   120
       Demon whip        |       |       |       |       |       |       |       |       |    17 ||    17
Invok: Heroism           |       |       |       |       |     3 |     4 |     2 |     2 |     2 ||    13
       Finesse           |       |       |       |       |       |       |     1 |     1 |     1 ||     3
 Abil: Fly               |       |       |       |       |     1 |       |       |       |       ||     1
Evoke: Wand              |       |       |     4 |    49 |    10 |    11 |     4 |       |     8 ||    86
       Condenser vane    |       |       |       |     1 |     4 |     3 |     5 |     3 |     4 ||    20
       Tin of tremorston |       |       |       |       |     3 |     6 |     7 |     4 |     4 ||    24
       Lightning rod     |       |       |       |       |       |       |    13 |       |     3 ||    16
  Use: Scroll            |       |     1 |     4 |    14 |     9 |    14 |     8 |    30 |    24 ||   104
       Potion            |       |       |     1 |     5 |     6 |    11 |     6 |    16 |    10 ||    55
 Stab: Sleeping          |       |       |       |     3 |       |       |       |       |       ||     3
       Confused          |       |       |       |     3 |     2 |       |       |       |     1 ||     6
       Distracted        |       |       |       |       |     1 |       |       |       |     1 ||     2
       Invisible         |       |       |       |       |     1 |       |       |       |       ||     1
       Paralysed         |       |       |       |       |       |     1 |       |       |       ||     1
Armor: Scale mail        |    51 |    48 |   215 |    59 |       |       |       |       |       ||   373
       Acid dragon scale |       |       |       |   190 |    15 |       |       |       |       ||   205
       Chain mail        |       |       |       |    63 |   195 |       |       |       |       ||   258
       Plate armour      |       |       |       |       |   240 |   646 |   506 |   780 |   634 ||  2806
       Skin              |       |       |       |       |    15 |       |       |       |       ||    15
       Crystal plate arm |       |       |       |       |       |     1 |       |       |       ||     1
Dodge: Dodged            |    18 |    21 |   123 |   292 |   289 |   489 |   459 |   507 |   385 ||  2583
Block: Kite shield       |    51 |    44 |   200 |   467 |   137 |       |       |       |       ||   899
       Tower shield      |       |       |       |       |  1331 |  2996 |  2327 |  3108 |  2502 || 12264

Table legend: (Time is in decaauts)
 A = Elapsed time spent in this place.
 B = Non-inter-level travel time spent in this place.
 C = Inter-level travel time spent in this place.
 D = Time resting spent in this place.
 E = Time spent auto-exploring this place.
 F = Levels seen in this place.
 G = Mean time per level.
                   A        B        C        D        E       F      G
               +--------+--------+--------+--------+--------+-----+--------+
         Total |  68142 |  66392 |   1750 |  14855 |  28725 |  74 |  920.8 |
       Dungeon |  13589 |  13224 |    365 |   1120 |   7998 |  15 |  905.9 |
        Temple |    323 |    323 |      0 |      0 |    285 |   1 |  323.0 |
          Lair |  10199 |   9935 |    264 |   1269 |   5321 |   6 | 1699.8 |
        Shoals |   4164 |   4164 |      0 |    856 |   2307 |   4 | 1041.0 |
     Snake Pit |   8694 |   8404 |    290 |   1706 |   3525 |   4 | 2173.5 |
    Slime Pits |   1491 |   1491 |      0 |    753 |      0 |   5 |  298.2 |
  Orcish Mines |   2942 |   2755 |    187 |    251 |   1058 |   2 | 1471.0 |
   Elven Halls |   3103 |   3026 |     77 |   1092 |    975 |   3 | 1034.3 |
        Vaults |  10358 |  10038 |    320 |   2826 |   3742 |   5 | 2071.6 |
         Crypt |     17 |     17 |      0 |      0 |      1 |   1 |   17.0 |
        Depths |   7341 |   7096 |    245 |   1789 |   3117 |   5 | 1468.2 |
         Abyss |    442 |    442 |      0 |     54 |     99 |   3 |  147.3 |
   Pandemonium |   1686 |   1686 |      0 |    876 |    152 |   5 |  337.2 |
      Ziggurat |   2105 |   2105 |      0 |   1470 |      0 |  12 |  175.4 |
        Bazaar |     85 |     85 |      0 |      0 |     44 |   1 |   85.0 |
        Bailey |    904 |    904 |      0 |    341 |     99 |   1 |  904.0 |
      Ice Cave |    691 |    691 |      0 |    447 |      0 |   1 |  691.0 |
               +--------+--------+--------+--------+--------+-----+--------+

Top non-repeatable levels by time:
 Snake:3: 2945 daAuts
Vaults:5: 2503 daAuts
  Lair:6: 2455 daAuts
 Snake:4: 2365 daAuts
Depths:2: 2249 daAuts
Vaults:4: 2058 daAuts
Vaults:3: 2029 daAuts
  Lair:4: 1991 daAuts
Vaults:2: 1907 daAuts
Vaults:1: 1859 daAuts
   Orc:2: 1790 daAuts
 Snake:2: 1753 daAuts
  Lair:1: 1681 daAuts
Depths:4: 1637 daAuts
 Snake:1: 1630 daAuts
